 Dungeon Crawl Stone Soup version 0.30-a0-1160-g6e42c06551 (webtiles) character file.

Game seed: 212189695587996069

108 hwolsky the Covered (level 4, -3/41 HPs)
             Began as a Minotaur Fighter on Apr 25, 2023.
             Slain by Sigmund
             ... wielding a +2 scythe of freezing
              (10 damage)
             ... on level 3 of the Dungeon.
             The game lasted 00:04:45 (1490 turns).

hwolsky the Covered (Minotaur Fighter)              Turns: 1490, Time: 00:04:45

Health: -3/41      AC:  7    Str: 22    XL:     4   Next: 58%
Magic:  3/3        EV:  9    Int:  5    God:
Gold:   107        SH:  5    Dex: 10    Spells: 2/3 levels left

rFire   . . .        a - +0 war axe
rCold   . . .        c - +1 buckler
rNeg    . . .        b - +0 scale mail
rPois   .            (helmet restricted)
rElec   .            (no cloak)
rCorr   .            (no gloves)
SInv    .            (no boots)
Will    .....        (no amulet) Stlth
                     (no ring)
HPRegen 0.26/turn    (no ring)
MPRegen 0.08/turn

%: no passive effects
@: no status effects
A: horns 2, retaliatory headbutt
a: no special abilities


You were on level 3 of the Dungeon.
You visited 1 branch of the dungeon, and saw 3 of its levels.

You collected 107 gold pieces.

Inventory:

Hand Weapons
 a - a +0 war axe (weapon)
Armour
 b - a +0 scale mail (worn)
 c - a +1 buckler (worn)
Jewellery
 l - a ring of ice
Scrolls
 h - a scroll of identify
 m - 3 scrolls of poison
Potions
 d - a potion of might
 e - 2 potions of mutation
 i - a potion of resistance


   Skills:
 + Level 4.3 Fighting
 * Level 4.2 Axes
 + Level 4.3 Armour
 + Level 4.3 Shields


You had 2 spell levels left.
You knew the following spells:

 Your Spells              Type           Power      Damage    Failure   Level
a - Magic Dart            Conj           0%         1d3       86%         1

Your spell library contained the following spells:

 Spells                   Type           Power      Damage    Failure   Level
 Searing Ray              Conj           0%         2d4       94%         2
 Fulminant Prism          Conj/Hex       0%         3d5       100%        4
 Passage of Golubria      Tloc           0%         N/A       100%        4
 Silence                  Hex/Air        0%         N/A       100%        5
 Lehudib's Crystal Spear  Conj/Erth      0%         10d2      100%        8


Dungeon Overview and Level Annotations

Branches:
Dungeon (3/15)

Altars:

Annotations:
D:3 Sigmund


Innate Abilities, Weirdness & Mutations

You have a pair of horns on your head.
You reflexively headbutt those who attack you in melee.


Message History

You block the orc's attack.
You barely miss the orc.
The orc is almost dead.
The orc hits you with a +0 falchion.
You hit the orc.
You kill the orc!
Sigmund says, "Now you see me, now you don't..."
You block Sigmund's attack. Sigmund closely misses you.
You furiously retaliate!
You headbutt Sigmund! You closely miss Sigmund. You headbutt Sigmund.
Sigmund is severely wounded.
Sigmund drinks a potion.
Sigmund is healed!
You barely miss Sigmund. Your headbutt misses Sigmund.
Sigmund is moderately wounded.
Sigmund closely misses you.
You hit Sigmund.
Sigmund is moderately wounded.
Sigmund hits you with a +2 scythe of freezing.
Sigmund freezes you.
You barely miss Sigmund.
Sigmund is moderately wounded.
Sigmund gestures wildly while chanting.
Sigmund flickers and vanishes!
Deactivating autopickup; reactivate with Ctrl-A.
You closely miss something. Your headbutt misses something. Something hits you!
Something freezes you.
You hit something. Your headbutt misses something.
You hear some strange, mumbled words.
You are confused.
Something hits you. Something freezes you.
Found 15 gold pieces.
Something hits you but does no damage. Something hits you!
* * * LOW HITPOINT WARNING * * *
Something freezes you.
* * * LOW HITPOINT WARNING * * *
Okay, then.
You are too confused!
You feel less confused. Something hits you!
You die...

#..# $...$.
....## ......
.....### ......
###...... .....
........# ...
........##.######
..###..{.....?..#
#...............#
###!..##.@......#
........)..$.....
#####.##.........
# #....?....
#.........
#.........
##.(.....#
.........


There were no monsters in sight!

Vanquished Creatures
  7 adders (D:2)
  An orc (D:3)
  4 ball pythons
  7 bats
  7 endoplasms
  2 giant cockroaches (D:1)
  3 goblins
  A hobgoblin (D:2)
  2 jackals (D:2)
  4 kobolds (D:2)
  A quokka (D:1)
  3 frilled lizards
  3 rats (D:2)
45 creatures vanquished.

Vanquished Creatures (others)
  7 fungi (D:1)
  6 plants (D:1)
13 creatures vanquished.

Grand Total: 58 creatures vanquished

Notes
Turn   | Place    | Note
-------+----------+-------------------------------------------
     0 | D:1      | hwolsky the Minotaur Fighter began the quest for the Orb.
     0 | D:1      | Reached XP level 1. HP: 19/19 MP: 0/0
   151 | D:1      | Reached XP level 2. HP: 27/27 MP: 1/1
   222 | D:1      | Found a faded altar of an unknown god.
   550 | D:2      | Reached XP level 3. HP: 33/33 MP: 2/2
   632 | D:2      | Learned a level 1 spell: Magic Dart
   721 | D:2      | Reached XP level 4. HP: 32/40 MP: 1/3
  1470 | D:3      | Noticed Sigmund
  1490 | D:3      | Slain by Sigmund

Illustrated notes

Levels and vault maps discovered:
D:1:      dpeg_arrival_refuge, layout_basic,
          dreamdust_ecumenical_altar_hidden_monk_grotto
D:2:      layout_basic, kennysheep_generic_room_6
D:3:      layout_rooms, grunt_ministairs_10, uniq_jessica, uniq_sigmund

Skill      XL: |  1  2  3  4 |
---------------+-------------+-----
Axes           | 3 4 |  4.2
Fighting       | 4 |  4.3
Armour         | 4 |  4.3
Shields        | 4 |  4.3

Action                     |  1- 3 |  4- 6 || total
---------------------------+-------+-------++-------
  Melee: War axe           |    79 |    31 ||   110
         Headbutt          |    11 |     4 ||    15
  Throw: Throwing net      |       |     1 ||     1
   Cast: Magic Dart        |     1 |       ||     1
    Use: Scroll            |     4 |     5 ||     9
 Armour: Scale mail        |    35 |    12 ||    47
  Dodge: Dodged            |    29 |    13 ||    42
  Block: Buckler           |    18 |     8 ||    26

Table legend: (Time is in decaauts)
 A = Elapsed time spent in this place.
 B = Non-inter-level travel time spent in this place.
 C = Inter-level travel time spent in this place.
 D = Time resting spent in this place.
 E = Time spent auto-exploring this place.
 F = Levels seen in this place.
 G = Mean time per level.
                   A        B        C        D        E       F      G
               +--------+--------+--------+--------+--------+-----+--------+
         Total |   1528 |   1499 |     29 |      0 |    981 |   3 |  509.3 |
       Dungeon |   1528 |   1499 |     29 |      0 |    981 |   3 |  509.3 |
               +--------+--------+--------+--------+--------+-----+--------+

Top non-repeatable levels by time:
     D:2: 1070 daAuts
     D:1: 435 daAuts
     D:3: 22 daAuts
